 Dungeon Crawl Stone Soup version 0.20.0-8-g6b59dc7 (webtiles) character file.

70 Jumperg the Conjurer (level 4, -1/24 HPs)
             Began as a Deep Elf Conjurer on June 2, 2017.
             Was an Initiate of Sif Muna.
             Slain by an orc
             ... wielding a +0 flail
              (6 damage)
             ... on level 3 of the Dungeon.
             The game lasted 00:19:26 (1231 turns).

Jumperg the Conjurer (Deep Elf Conjurer)            Turns: 1231, Time: 00:19:27

Health: -1/24      AC:  2    Str:  5    XL:     4   Next: 3%
Magic:  9/12       EV: 13    Int: 21    God:    Sif Muna [......]
Gold:   92         SH:  0    Dex: 15    Spells: 8/11 levels left

rFire    . . .     SeeInvis .   e - +0 spear
rCold    . . .     Gourm    .   (no shield)
rNeg     . . .     Faith    .   a - +0 robe
rPois    .         Spirit   .   (no helmet)
rElec    .         Reflect  .   (no cloak)
rCorr    .         Harm     .   (no gloves)
MR       .....                  (no boots)
Stlth    +++.......             (no amulet)
Regen    0.1/turn               (no ring)
MPRegen  0.2/turn               (no ring)

@: no status effects
A: no striking features
a: Renounce Religion


You were on level 3 of the Dungeon.
You worshipped Sif Muna.
Sif Muna was noncommittal.
You were hungry.

You visited 1 branch of the dungeon, and saw 4 of its levels.

You collected 92 gold pieces.

Inventory:

Hand Weapons
 e - a +0 spear (weapon)
Missiles
 i - 49 stones (quivered)
Armour
 a - a +0 robe (worn)
Scrolls
 d - 2 scrolls of remove curse
 g - a scroll of identify
Books
 b - a book of Conjurations

   Spells                             Type                      Level
   a - Magic Dart                     Conjuration                  1
   b - Searing Ray                    Conjuration                  2
   c - Dazzling Spray                 Conjuration/Hexes            3
   d - Fulminant Prism                Conjuration/Hexes            4
   e - Force Lance                    Conjuration/Translocation    4
   f - Iskenderun's Mystic Blast      Conjuration                  4
Comestibles
 c - 2 bread rations
 j - 2 fruits


   Skills:
 - Level 2.4 Dodging
 + Level 3.8 Stealth
 + Level 4.4 Spellcasting
 + Level 4.8 Conjurations


You had 8 spell levels left.
You knew the following spells:

 Your Spells              Type           Power        Failure   Level  Hunger
a - Magic Dart            Conj           ####         1%          1    None
b - Searing Ray           Conj           ####..       2%          2    #......


Dungeon Overview and Level Annotations

Branches:
Dungeon (4/15)
 Temple: D:4-7

Altars:
Elyvilon
Sif Muna
Xom


Message History

There is a stone staircase leading down here.
Found a dagger.
Found 11 gold pieces.
Found 3 glowing coppery potions.
Found 6 gold pieces.
Found a scroll labeled IBRO RA NIRA.
You see here 6 gold pieces.
An adder comes into view.
Casting: Magic Dart
Confirm with . or Enter, or press ? or * to list all spells.
Aiming: Searing Ray
Press: ? - help, Shift-Dir - straight line, f - orc
Aim: an orc, wielding a flail and wearing a ring mail The searing ray hits the orc. (Press . to maintain the ray.)
The orc barely misses you.
The searing ray hits the orc.
The orc is moderately wounded.
The orc hits you with a flail.
You die...

###..........#
#....######.## #.>..#
#.# #..### #.# ....#
#.# ...#### ####.#
....# ##....#
...##########..#####
.......@o...$.........
S.#########...#######.
#.### ..?# #####


You could see an adder (sleeping) and an orc.

Vanquished Creatures
  3 hound skeletons (D:4)
  2 dart slugs (D:1)
  An orc (D:4)
  2 bats
  2 giant cockroaches (D:1)
  A goblin (D:1)
  4 hobgoblins (D:1)
  2 jackals (D:1)
  A ball python (D:1)
  A ball python skeleton (D:4)
  4 kobolds
  A rat (D:2)
24 creatures vanquished.

Vanquished Creatures (others)
  2 worker ants (D:4)
  An adder (D:4)
3 creatures vanquished.

Grand Total: 27 creatures vanquished

Notes
Turn   | Place    | Note
-------+----------+-------------------------------------------
     0 | D:1      | Jumperg the Deep Elf Conjurer began the quest for the Orb.
     0 | D:1      | Reached XP level 1. HP: 10/10 MP: 6/6
   189 | D:1      | Reached XP level 2. HP: 14/15 MP: 5/8
   226 | D:1      | Learned a level 2 spell: Searing Ray
   779 | D:2      | You fall through a shaft for 2 floors!
   795 | D:4      | Reached XP level 3. HP: 15/19 MP: 4/10
   897 | D:4      | Found a shimmering altar of Xom.
   899 | D:4      | Noticed a phantom
   916 | D:4      | Found a deep blue altar of Sif Muna.
   916 | D:4      | Found a white marble altar of Elyvilon.
   921 | D:4      | Became a worshipper of Sif Muna the Loreminder
  1123 | D:4      | Reached XP level 4. HP: 12/24 MP: 6/12
  1231 | D:3      | Slain by an orc

Skill      XL: |  1  2 |
---------------+-------+-----
Stealth        | 3 |  3.8
Spellcasting   | 4 |  4.4
Dodging        | |  2.4
Conjurations   | |  4.8

Action                   |  1- 3 |  4- 6 || total
-------------------------+-------+-------++-------
Melee: Spear             |    47 |       ||    47
 Cast: Magic Dart        |    50 |     1 ||    51
       Searing Ray       |     2 |     1 ||     3
  Use: Scroll            |     2 |       ||     2
       Potion            |     1 |       ||     1
 Stab: Sleeping          |     1 |       ||     1
Armor: Robe              |     7 |       ||     7
Dodge: Dodged            |    51 |     1 ||    52
